 Dungeon Crawl Stone Soup version 0.14.2 (console) character file.

113 carlseen the Ducker (level 3, -2/27 HPs)
             Began as a Demonspawn Gladiator on Jan 30, 2015.
             Slain by Sigmund
             ... wielding a +0,+1 scythe
              (6 damage)
             ... on Level 2 of the Dungeon.
             The game lasted 00:09:38 (1517 turns).

carlseen the Ducker (Demonspawn Gladiator)          Turns: 1517, Time: 00:09:38

HP  -2/27        AC  4     Str 16      XL: 3   Next: 83%
MP   0/3         EV 12     Int  9      God:
Gold 52          SH  0     Dex 13      Spells:  0 memorised,  2 levels left

rFire  . . .     SeeInvis .     a - +0 war axe
rCold  . . .     Clarity  .     b - +0 leather armour
rNeg   . . .     Conserve .     (no shield)
rPois  .         rCorr    .     c - +0 helmet
rElec  .         rRot     .     (no cloak)
SustAb . .       Spirit   +     (no gloves)
rMut   .         Warding  .     (no boots)
Saprov . . .     Stasis   .     (no amulet)
MR     .....                    (no ring)
                                (no ring)

@: not resistant to hostile enchantments, very unstealthy
A: talons 1, magic shield
a: no special abilities


You were on level 2 of the Dungeon.
You were not hungry.

You visited 1 branch of the dungeon, and saw 2 of its levels.

You collected 52 gold pieces.

Inventory:

Hand weapons
 a - a +0,+0 war axe (weapon)
Missiles
 d - 2 throwing nets (quivered)
 i - 25 arrows
Armour
 b - a +0 leather armour (worn)
 c - a +0 helmet (worn)
Comestibles
 f - a bread ration
Scrolls
 g - a scroll of noise {unknown}
 j - a scroll of remove curse {unknown}
 l - a scroll of amnesia {unknown}
 n - a scroll of identify {unknown}
 q - a scroll of recharging {unknown}
Potions
 e - 2 potions of degeneration {unknown}
 h - a potion of restore abilities {unknown}
 k - a potion of heal wounds {unknown}
 m - 2 potions of curing {unknown}
 o - 2 potions of might {unknown}


   Skills:
 + Level 2.2 Fighting
 + Level 3.2 Axes
 + Level 1.8 Throwing
 + Level 1.0 Armour
 + Level 3.4 Dodging


You had 2 spell levels left.
You didn't know any spells.

Dungeon Overview and Level Annotations

Branches:
Dungeon (2/15)

Altars:
Nemelex Xobeh

Annotations:
D:2 Sigmund


Innate Abilities, Weirdness & Mutations

You have sharp toenails.
When hurt, damage is shared between your health and your magic reserves.


Message History

Sigmund hits you with a scythe.
* * * LOW HITPOINT WARNING * * *
You barely miss Sigmund.
Sigmund is moderately wounded.
Sigmund barely misses you.
You hit Sigmund.
Sigmund is heavily wounded.
Sigmund closely misses you.
You closely miss Sigmund.
Sigmund is heavily wounded.
Sigmund hits you with a scythe.
* * * LOW HITPOINT WARNING * * *
You closely miss Sigmund. You claw Sigmund.
Sigmund is heavily wounded.
Sigmund gestures at you while chanting. You resist with significant effort.
You closely miss Sigmund. You claw Sigmund.
Sigmund is heavily wounded.
Sigmund hits you with a scythe!
You die...

..######...###......
>.................. .
...................
... ......##%#..##.#.#
..#
.#######.#..##.#)##..#
## #............#
######.##.#.####
#......##.#.#
#.#######.#.####...#
#.# #.....#@.......#
#.# ###.###@####...#
#.# #.# #.# #.# #.#
#$# #.# #.# #.# ###
#.#####.#######.##
#................#
#######.#######.##
#.........#
#########.# #.# #.#


You could see Sigmund.

Vanquished Creatures
  Jessica (D:2)
  A gnoll (D:1)
  An ooze (D:1)
  2 ball pythons (D:1)
  4 giant cockroaches
  5 goblins
  2 hobgoblins (D:1)
  3 jackals (D:1)
  3 bats (D:1)
  5 kobolds
  3 rats (D:1)
30 creatures vanquished.

Notes
Turn   | Place    | Note
--------------------------------------------------------------
     0 | D:1      | carlseen, the Demonspawn Gladiator, began the quest for the Orb.
     0 | D:1      | Reached XP level 1. HP: 16/16 MP: 1/1
     2 | D:1      | Noticed an Executioner
     4 | D:1      | Noticed Thasoarr the pandemonium lord
     5 | D:1      | Noticed a hell beast
    22 | D:1      | Noticed an ice devil
    25 | D:1      | Noticed an iron devil
   233 | D:1      | Reached skill level 3 in Dodging
   235 | D:1      | Gained mutation: You have sharp toenails. [demonic ancestry]
   235 | D:1      | Reached XP level 2. HP: 9/22 MP: 2/2
  1034 | D:1      | Gained mutation: When hurt, damage is shared between your health and your magic reserves. [demonic ancestry]
  1034 | D:1      | Reached XP level 3. HP: 18/27 MP: 3/3
  1289 | D:2      | Found a sparkling altar of Nemelex Xobeh.
  1357 | D:2      | Noticed Jessica
  1364 | D:2      | Killed Jessica
  1364 | D:2      | Reached skill level 1 in Armour
  1498 | D:2      | Noticed Sigmund
  1517 | D:2      | Slain by Sigmund

Action                   || total
-------------------------++-------
Melee: War axe           ||    88
Throw: Throwing net      ||     3
